Map: Eastwatch LE

Players

bly - Winner!

  • Race: Zerg Zerg
  • Spawn Location: 7:00

Nerchio

  • Race: Zerg Zerg
  • Spawn Location: 1:00

Event: WESG 2017 Haikou

VOD

Have the link to the VOD?

Description

Time

  • Played on: March 13, 2018, 1:14 a.m.
  • Length: 6:09

All games in this series

Show
View Real Time Build Order
Export as new Build Order

bly Zerg - Winner!

Build Orders: Hatch First, Roach Nydus 

Get SALT Encoding   

  12  0:01  Drone  
  13  0:13  Overlord  
  13  0:17  Drone  
  14  0:31  Drone x2  
  16  0:37  Drone  
  17  0:52  Hatchery  
  17  0:56  Drone  
  17  0:57  Drone  
  18  1:05  Extractor  
  17  1:13  Spawning Pool  
  17  1:16  Drone  
  17  1:20  Drone  
  18  1:28  Drone  
  19  1:39  Overlord  
  19  1:51  Drone  
  20  2:00  Queen  
  23  2:01  Drone  
  23  2:03  Queen  
  23  2:04  Drone  
  26  2:11  Drone  
  26  2:15  Drone  
  28  2:22  Drone  
  29  2:29  Zergling x2  
  30  2:34  Zergling x2  
  31  2:38  Lair  
  31  2:39  Queen  
  31  2:42  Overlord  
  33  2:49  Drone x2  
  35  2:56  Drone  
  36  3:01  Overlord  
  36  3:08  Overlord  
  36  3:09  Drone x3  
  36  3:10  Drone  
  40  3:13  Overlord  
  40  3:24  Roach Warren, Evolution Chamber  
  39  3:27  Evolution Chamber  
  39  3:28  Evolution Chamber  
  39  3:30  Drone x3  
  39  3:33  Extractor  
  39  3:48  Extractor  
  39  3:49  Nydus Network  
  37  3:57  Drone x4  
  37  3:59  Overlord  
  40  4:09  Roach x5  
  49  4:20  Roach, Queen  
  53  4:33  Nydus Canal  
  53  4:40  Roach x2  
  53  4:41  Roach x3  
  53  4:43  Roach  
  53  4:45  Roach  
  67  4:49  Overlord  
  67  5:07  Roach x2  
  67  5:08  Overlord  
  71  5:20  Roach x2  
  75  5:25  Roach  
  75  5:27  Roach x4  
  79  5:39  Roach x3  
  83  5:43  Roach x2  
  83  5:49  Nydus Canal  
Show
View Real Time Build Order
Export as new Build Order

Nerchio Zerg 

Build Orders: Hatch First 

Get SALT Encoding   

  12  0:00  Drone  
  13  0:12  Overlord  
  13  0:17  Drone  
  14  0:30  Drone x2  
  14  0:34  Drone  
  17  0:51  Hatchery  
  17  0:55  Drone  
  17  0:58  Drone  
  18  1:06  Extractor  
  17  1:14  Spawning Pool  
  17  1:17  Drone  
  17  1:21  Drone  
  18  1:28  Drone  
  19  1:38  Overlord  
  19  1:50  Drone  
  20  2:01  Zergling x2, Queen  
  20  2:03  Zergling x2, Queen  
  20  2:08  Metabolic Boost  
  26  2:14  Drone  
  27  2:18  Drone  
  27  2:22  Drone  
  29  2:25  Drone  
  30  2:32  Drone  
  31  2:41  Hatchery  
  30  2:48  Queen  
  32  2:51  Overlord  
  32  2:58  Drone x2  
  33  3:06  Drone x2  
  33  3:10  Zergling x2  
  33  3:11  Drone x3  
  39  3:17  Drone x3  
  42  3:22  Overlord  
  42  3:27  Evolution Chamber  
  41  3:32  Drone x2  
  43  3:35  Overlord  
  43  3:41  Drone x2  
  43  3:48  Drone  
  46  3:49  Extractor  
  45  3:56  Drone  
  46  4:05  Drone x3  
  46  4:06  Drone x5  
  46  4:09  Extractor  
  52  4:12  Drone  
  52  4:14  Drone  
  52  4:15  Roach Warren  
  53  4:17  Lair  
  52  4:34  Spine Crawler  
  52  4:38  Overlord  
  51  4:41  Overlord  
  51  4:43  Spine Crawler  
  50  4:46  Spine Crawler  
  49  4:55  Roach x8  
  49  4:56  Roach  
  49  4:57  Roach  
  69  5:03  Roach  
  69  5:04  Spine Crawler  
  69  5:07  Roach  
  69  5:11  Roach  
  69  5:12  Roach  
  72  5:18  Roach x2  
  72  5:19  Roach  
  73  5:23  Roach  
  73  5:26  Roach  
  68  5:31  Zergling x6  
  56  5:47  Roach  
  54  5:50  Zergling x8  
Tags
 
Add a new tag
Caveats
  • Supply blocks, unpowered buildings, or Contaminate may cause inaccurate times.
  • Supply counts are checked every 10 seconds.